 Dungeon Crawl Stone Soup version 0.20.0-15-g7f486f2 (webtiles) character file.

69 Chiseanne the Magician (level 4, 30/30 HPs)
             Began as a Demonspawn Wizard on June 14, 2017.
             Quit the game on level 2 of the Dungeon.
             The game lasted 00:02:40 (1851 turns).

Chiseanne the Magician (Demonspawn Wizard)          Turns: 1851, Time: 00:02:41

Health: 30/30      AC:  4    Str:  7    XL:     4   Next: 2%
Magic:  1/10       EV: 12    Int: 20    God:
Gold:   89         SH:  0    Dex: 12    Spells: 10/11 levels left

rFire    . . .     SeeInvis .   a - +1 spear
rCold    + . .     Gourm    .   (no shield)
rNeg     . . .     Faith    .   i - +0 robe
rPois    .         Spirit   .   b - +0 hat
rElec    .         Reflect  .   k - +0 cloak
rCorr    .         Harm     .   (no gloves)
MR       .....                  h - +0 pair of boots
Stlth    ++........             (no amulet)
Regen    0.1/turn               (no ring)
MPRegen  0.2/turn               (no ring)

@: very slightly contaminated
A: talons 1, cold resistance 1, sturdy frame 1
a: no special abilities


You were on level 2 of the Dungeon.
You were not hungry.

You visited 1 branch of the dungeon, and saw 2 of its levels.

You collected 89 gold pieces.

Inventory:

Hand Weapons
 a - a +1 spear (weapon)
Missiles
 f - 34 stones (quivered)
 g - 26 poisoned needles
Armour
 b - a +0 hat (worn)
 h - a +0 pair of boots (worn)
 i - a +0 robe (worn)
 k - a +0 cloak (worn)
 p - a cursed +0 shield
Scrolls
 m - a scroll of magic mapping {unknown}
 n - a scroll of amnesia {unknown}
 q - a scroll of identify {unknown}
 r - a scroll of fear
Potions
 e - a potion of curing {unknown}
 o - a potion of haste {unknown}
Books
 c - a book of Minor Magic

   Spells                             Type                      Level
   a - Magic Dart                     Conjuration                  1
   b - Blink                          Translocation                2
   c - Call Imp                       Summoning                    2
   d - Slow                           Hexes                        2
   e - Conjure Flame                  Conjuration/Fire             3
   f - Mephitic Cloud                 Conjuration/Poison/Air       3
Comestibles
 d - a bread ration
 j - a fruit
 l - 3 chunks of flesh


   Skills:
 - Level 1.7 Dodging
 - Level 1.7 Stealth
 * Level 4.0 Spellcasting
 * Level 2.6 Conjurations
   Level 1.0 Summonings
   Level 0.8 Translocations


You had 10 spell levels left.
You knew the following spells:

 Your Spells              Type           Power        Failure   Level  Hunger
a - Magic Dart            Conj           ##..         4%          1    None


Dungeon Overview and Level Annotations

Branches:
Dungeon (2/15)

Altars:


Innate Abilities, Weirdness & Mutations

You have sharp toenails.
Your flesh is cold resistant. (rC+)
Your movements are slightly less encumbered by armour. (ER -2)


Message History

Confirm with . or Enter, or press ? or * to list all spells.
Aiming: Magic Dart
Press: ? - help, Shift-Dir - straight line, f - dart slug
Aim: a dart slug (severely wounded, clinging)
The magic dart hits the dart slug.
The dart slug is almost dead.
The dart slug launches a dart at you. The slug dart misses you.
Casting: Magic Dart
Confirm with . or Enter, or press ? or * to list all spells.
Aiming: Magic Dart
Press: ? - help, Shift-Dir - straight line, f/p - dart slug
Aim: a dart slug (almost dead, clinging)
The magic dart hits the dart slug.
You kill the dart slug!
Your Spellcasting skill increases to level 4!
You have reached level 4!
You feel agile.
Your demonic ancestry asserts itself...
Your toenails lengthen and sharpen.
Are you sure you want to abandon this character and quit the game? (Confirm with "yes".)

#.#...## #.#
......# #.#
.......# #.#
........# #.#
......#.# #.#
....#######.#
#..........#
#.#.###.####
#.@...#
......####.#
..... #.#
.... #.# ...
..# .$ #.# <
#.# .#


There were no monsters in sight!

Vanquished Creatures
  A gnoll (D:1)
  2 adders (D:2)
  3 dart slugs
  2 leopard geckos
  2 giant cockroaches
  8 hobgoblins
  2 jackals (D:2)
  3 bats (D:1)
  3 frilled lizards
  2 goblins (D:1)
  2 kobolds (D:1)
  6 rats
36 creatures vanquished.

Notes
Turn   | Place    | Note
-------+----------+-------------------------------------------
     0 | D:1      | Chiseanne the Demonspawn Wizard began the quest for the Orb.
     0 | D:1      | Reached XP level 1. HP: 13/13 MP: 4/4
   246 | D:2      | Gained mutation: Your flesh is cold resistant. (rC+) [demonic ancestry]
   246 | D:2      | Reached XP level 2. HP: 4/19 MP: 0/6
   839 | D:1      | Gained mutation: Your movements are slightly less encumbered by armour. (ER -2) [demonic ancestry]
   839 | D:1      | Reached XP level 3. HP: 24/24 MP: 4/8
  1850 | D:2      | Reached skill level 4 in Spellcasting
  1850 | D:2      | Gained mutation: You have sharp toenails. [demonic ancestry]
  1850 | D:2      | Reached XP level 4. HP: 30/30 MP: 1/10
  1851 | D:2      | Quit the game

Skill      XL: |  1  2  3 |
---------------+----------+-----
Conjurations   | 2 |  2.6
Spellcasting   | 4 |  4.0
Dodging        | |  1.7
Stealth        | |  1.7
Summonings     | |  1.0
Translocations | |  0.8

Action                   |  1- 3 |  4- 6 || total
-------------------------+-------+-------++-------
Melee: Spear             |    16 |       ||    16
       Unarmed           |     6 |       ||     6
 Cast: Magic Dart        |    93 |     1 ||    94
  Use: Scroll            |     2 |       ||     2
  Eat: Chunk             |     3 |       ||     3
Armor: Robe              |     9 |       ||     9
Dodge: Dodged            |    38 |       ||    38
